| TOP OF THE 1ST |
|
Memphis Blues batting - Pitching for San Antonio Missions : RHP William Fewox
|
|
Pitching: RHP William Fewox
|
|
|
Batting: RHB Mariano Duncan
|
0-0: Called Strike 0-1: Ball 1-1: Swinging Strike 1-2: Foul Ball, location: 2F 1-2: Foul Ball, location: 2F 1-2: Ball 2-2: Strikes out swinging
|
|
Batting: RHB Augustine Garrett
|
0-0: Ball 1-0: SINGLE (Flyball, 5D, EV 88.1 MPH)
|
|
Batting: LHB David Christianson
|
0-0: Ball 1-0: Ball 2-0: Ball 3-0: Base on Balls Augustine Garrett to second
|
|
Batting: RHB Chris James
|
0-0: Ball 1-0: Fly out, F2 (Popup, 25F, EV 85.6 MPH)
|
|
Batting: RHB Randy Filkins
|
0-0: SINGLE (Groundball, 34D, EV 98.1 MPH) (infield hit) Augustine Garrett to third David Christianson to second
|
|
Batting: LHB Don Jacoby
|
0-0: Called Strike 0-1: Ball 1-1: Ball Wild Pitch! Augustine Garrett scores David Christianson to third Randy Filkins to second 2-1: Foul Ball, location: 2F 2-2: Foul Ball, location: 2F 2-2: Ground out 3-1 (Groundball, 34S, EV 85.0 MPH)
|
| Top of the 1st over - 1 run, 2 hits, 0 errors, 2 left on base; Memphis 1 - San Antonio 0 |
| BOTTOM OF THE 1ST |
|
San Antonio Missions batting - Pitching for Memphis Blues : RHP Salvador Flores
|
|
Pitching: RHP Salvador Flores
|
|
|
Batting: RHB Ivan Calderon
|
0-0: Called Strike 0-1: Ball 1-1: Fly out, F8 (Flyball, 89D, EV 90.0 MPH)
|
|
Batting: RHB Amos Lewis
|
0-0: Ball 1-0: Fly out, F8 (Line Drive, 8RM, EV 87.5 MPH)
|
|
Batting: RHB Ed Hearn
|
0-0: Called Strike 0-1: Ball 1-1: Ball 2-1: Swinging Strike 2-2: Strikes out swinging
|
| Bottom of the 1st over - 0 runs, 0 hits, 0 errors, 0 left on base; Memphis 1 - San Antonio 0 |
| TOP OF THE 2ND |
|
Memphis Blues batting - Pitching for San Antonio Missions : RHP William Fewox
|
|
Batting: RHB Dave Penniall
|
0-0: Called Strike 0-1: Ball 1-1: Foul Ball, location: 2F 1-2: Strikes out swinging
|
|
Batting: RHB Bradley Shames
|
0-0: Ball 1-0: Ball 2-0: Called Strike 2-1: Foul Ball, location: 2F 2-2: Foul Ball, location: 2F 2-2: Ball 3-2: Fly out, F4 (Line Drive, 4, EV 72.5 MPH)
|
|
Batting: RHB William Muth
|
0-0: Ground out 5-3 (Groundball, 5, EV 105.6 MPH)
|
| Top of the 2nd over - 0 runs, 0 hits, 0 errors, 0 left on base; Memphis 1 - San Antonio 0 |
| BOTTOM OF THE 2ND |
|
San Antonio Missions batting - Pitching for Memphis Blues : RHP Salvador Flores
|
|
Batting: RHB Larry Hamilton
|
0-0: Foul Ball, location: 2F 0-1: Ball 1-1: Fly out, F5 (Line Drive, 5, EV 73.1 MPH)
|
|
Batting: LHB Lee Pruitt
|
0-0: Ball 1-0: Ball 2-0: Called Strike 2-1: Ball 3-1: Foul Ball, location: 2F 3-2: Base on Balls
|
|
Batting: RHB Jack Clark
|
0-0: Called Strike 0-1: Fielders Choice at 2nd, 4-6 (Groundball, 34, EV 98.1 MPH)
|
|
Batting: LHB Jerold Johnston
|
0-0: Called Strike 0-1: Called Strike 0-2: Ball Jack Clark steals 2nd base 1-2: Foul Ball, location: 2F 1-2: Strikes out swinging
|
| Bottom of the 2nd over - 0 runs, 0 hits, 0 errors, 1 left on base; Memphis 1 - San Antonio 0 |
| TOP OF THE 3RD |
|
Memphis Blues batting - Pitching for San Antonio Missions : RHP William Fewox
|
|
Batting: RHB Mariano Duncan
|
0-0: Ball 1-0: Foul Ball, location: 2F 1-1: Ball 2-1: Ball 3-1: Swinging Strike 3-2: Foul Ball, location: 2F 3-2: Foul Ball, location: 7LSF, Error on foul ball, E7 3-2: Strikes out swinging
|
|
Batting: RHB Augustine Garrett
|
0-0: Foul Ball, location: 2F 0-1: Fly out, F9 (Flyball, 9D, EV 90.6 MPH)
|
|
Batting: LHB David Christianson
|
0-0: Called Strike 0-1: Swinging Strike 0-2: SOLO HOME RUN (Flyball, 9LD, EV 95.0 MPH), Distance : 366 ft
|
|
Batting: RHB Chris James
|
0-0: Ball 1-0: SOLO HOME RUN (Flyball, 7D, EV 105.0 MPH), Distance : 380 ft
|
|
Batting: RHB Randy Filkins
|
0-0: Called Strike 0-1: Swinging Strike 0-2: Strikes out swinging
|
| Top of the 3rd over - 2 runs, 2 hits, 1 error, 0 left on base; Memphis 3 - San Antonio 0 |
| BOTTOM OF THE 3RD |
|
San Antonio Missions batting - Pitching for Memphis Blues : RHP Salvador Flores
|
|
Batting: LHB Matt Nokes
|
0-0: Fly out, F7 (Flyball, 7LM, EV 85.6 MPH)
|
|
Batting: RHB Archie Amerson
|
0-0: Ground out 5-3 (Groundball, 56S, EV 87.5 MPH)
|
|
Batting: RHB Ivan Calderon
|
0-0: DOUBLE (Line Drive, 9LM, EV 98.8 MPH)
|
|
Batting: RHB Amos Lewis
|
0-0: Ball 1-0: Foul Ball, location: 2F 1-1: Ground out 5-3 (Groundball, 56S, EV 80.6 MPH)
|
| Bottom of the 3rd over - 0 runs, 1 hit, 0 errors, 1 left on base; Memphis 3 - San Antonio 0 |
| TOP OF THE 4TH |
|
Memphis Blues batting - Pitching for San Antonio Missions : RHP William Fewox
|
|
Batting: LHB Don Jacoby
|
0-0: Fly out, F4 (Popup, 4, EV 62.5 MPH)
|
|
Batting: RHB Dave Penniall
|
0-0: Ball 1-0: SINGLE (Groundball, 5S, EV 64.4 MPH) (infield hit)
|
|
Batting: RHB Bradley Shames
|
0-0: Called Strike 0-1: SINGLE (Groundball, 4D, EV 101.3 MPH) Dave Penniall to second Runner from 2nd tries for 3rd, SAFE, no throw by CF
|
|
Batting: RHB William Muth
|
0-0: Ball 1-0: Called Strike 1-1: Swinging Strike 1-2: Strikes out looking
|
|
Batting: RHB Mariano Duncan
|
0-0: Ball 1-0: Called Strike 1-1: Swinging Strike 1-2: Foul Ball, location: 2F 1-2: Strikes out looking
|
| Top of the 4th over - 0 runs, 2 hits, 0 errors, 2 left on base; Memphis 3 - San Antonio 0 |
| BOTTOM OF THE 4TH |
|
San Antonio Missions batting - Pitching for Memphis Blues : RHP Salvador Flores
|
|
Batting: RHB Ed Hearn
|
0-0: Ball 1-0: Foul Ball, location: 2F 1-1: Foul Ball, location: 2F 1-2: Strikes out looking
|
|
Batting: RHB Larry Hamilton
|
0-0: Called Strike 0-1: Ball 1-1: Swinging Strike 1-2: Strikes out swinging
|
|
Batting: LHB Lee Pruitt
|
0-0: Swinging Strike 0-1: Foul Ball, location: 2F 0-2: Ball 1-2: Ball 2-2: Foul Ball, location: 2F 2-2: Strikes out swinging
|
| Bottom of the 4th over - 0 runs, 0 hits, 0 errors, 0 left on base; Memphis 3 - San Antonio 0 |
| TOP OF THE 5TH |
|
Memphis Blues batting - Pitching for San Antonio Missions : RHP William Fewox
|
|
Batting: RHB Augustine Garrett
|
0-0: Ball 1-0: Foul Ball, location: 2F 1-1: Swinging Strike 1-2: Strikes out swinging, 2-3 out at first.
|
|
Batting: LHB David Christianson
|
0-0: Called Strike 0-1: Foul Ball, location: 2F 0-2: Ball 1-2: Ground out U3 (Groundball, 3, EV 102.5 MPH)
|
|
Batting: RHB Chris James
|
0-0: Foul Ball, location: 2F 0-1: Foul Ball, location: 2F 0-2: Ball 1-2: Strikes out swinging
|
| Top of the 5th over - 0 runs, 0 hits, 0 errors, 0 left on base; Memphis 3 - San Antonio 0 |
| BOTTOM OF THE 5TH |
|
San Antonio Missions batting - Pitching for Memphis Blues : RHP Salvador Flores
|
|
Batting: RHB Jack Clark
|
0-0: Ball 1-0: Ball 2-0: Called Strike 2-1: Foul Ball, location: 2F 2-2: Strikes out swinging
|
|
Batting: LHB Jerold Johnston
|
0-0: Ball 1-0: Ball 2-0: Ball 3-0: Called Strike 3-1: Base on Balls
|
|
Batting: LHB Matt Nokes
|
0-0: Ball 1-0: Called Strike 1-1: Swinging Strike 1-2: Foul Ball, location: 2F 1-2: Foul Ball, location: 2F 1-2: Strikes out looking
|
|
Batting: RHB Archie Amerson
|
0-0: Ball 1-0: Ball Jerold Johnston steals 2nd base 2-0: Ball 3-0: Called Strike 3-1: SINGLE (Groundball, 4MD, EV 103.1 MPH) Jerold Johnston to third Runner from 3rd tries for Home, SAFE, throw by CF to home
|
|
Batting: RHB Ivan Calderon
|
0-0: Ball 1-0: Ball 2-0: Ball 3-0: Swinging Strike 3-1: Called Strike 3-2: Foul Ball, location: 2F 3-2: Strikes out swinging
|
| Bottom of the 5th over - 1 run, 1 hit, 0 errors, 1 left on base; Memphis 3 - San Antonio 1 |
| TOP OF THE 6TH |
|
Memphis Blues batting - Pitching for San Antonio Missions : RHP William Fewox
|
|
Batting: RHB Randy Filkins
|
0-0: Called Strike 0-1: Called Strike 0-2: Strikes out looking
|
|
Batting: LHB Don Jacoby
|
0-0: Ball 1-0: Ball 2-0: Foul Ball, location: 2F 2-1: Swinging Strike 2-2: Strikes out looking
|
|
Batting: RHB Dave Penniall
|
0-0: Ground out 5-3 (Groundball, 56, EV 94.4 MPH)
|
| Top of the 6th over - 0 runs, 0 hits, 0 errors, 0 left on base; Memphis 3 - San Antonio 1 |
| BOTTOM OF THE 6TH |
|
San Antonio Missions batting - Pitching for Memphis Blues : RHP Salvador Flores
|
|
Batting: RHB Amos Lewis
|
0-0: Ball 1-0: Ball 2-0: Ball 3-0: Called Strike 3-1: Fly out, F9 (Flyball, 9LD, EV 105.6 MPH)
|
|
Batting: RHB Ed Hearn
|
0-0: Ground out U3 (Groundball, 13, EV 92.5 MPH)
|
|
Batting: RHB Larry Hamilton
|
0-0: Fly out, F9 (Line Drive, 9D, EV 91.9 MPH)
|
| Bottom of the 6th over - 0 runs, 0 hits, 0 errors, 0 left on base; Memphis 3 - San Antonio 1 |
| TOP OF THE 7TH |
|
Memphis Blues batting - Pitching for San Antonio Missions : RHP William Fewox
|
|
Batting: RHB Bradley Shames
|
0-0: Called Strike 0-1: Swinging Strike 0-2: Ball 1-2: Foul Ball, location: 2F 1-2: Ground out 4-3 (Groundball, 4, EV 105.0 MPH)
|
|
Batting: RHB William Muth
|
0-0: Called Strike 0-1: Ball 1-1: Ball 2-1: Fly out, F8 (Flyball, 8LXD, EV 85.6 MPH)
|
|
Batting: RHB Mariano Duncan
|
0-0: Called Strike 0-1: Ball 1-1: Called Strike 1-2: TRIPLE (Line Drive, 78XD, EV 110.6 MPH)
|
|
Batting: RHB Augustine Garrett
|
0-0: Ground out 5-3 (Groundball, 5, EV 83.8 MPH)
|
| Top of the 7th over - 0 runs, 1 hit, 0 errors, 1 left on base; Memphis 3 - San Antonio 1 |
| BOTTOM OF THE 7TH |
|
San Antonio Missions batting - Pitching for Memphis Blues : RHP Salvador Flores
|
|
Batting: LHB Lee Pruitt
|
0-0: Foul Ball, location: 2F 0-1: Ground out 4-3 (Groundball, 4, EV 86.9 MPH)
|
|
Batting: RHB Jack Clark
|
0-0: Called Strike 0-1: Called Strike 0-2: Ground out 6-3 (Groundball, 6, EV 84.4 MPH)
|
|
Batting: LHB Jerold Johnston
|
0-0: Called Strike 0-1: Foul Ball, location: 2F 0-2: Ball 1-2: Ball 2-2: Foul Ball, location: 2F 2-2: SOLO HOME RUN (Flyball, 9D, EV 95.0 MPH), Distance : 373 ft
|
|
Batting: LHB Matt Nokes
|
0-0: Swinging Strike 0-1: Fly out, F9 (Flyball, 9D, EV 89.4 MPH)
|
| Bottom of the 7th over - 1 run, 1 hit, 0 errors, 0 left on base; Memphis 3 - San Antonio 2 |
| TOP OF THE 8TH |
|
Memphis Blues batting - Pitching for San Antonio Missions : RHP William Fewox
|
|
Batting: LHB David Christianson
|
0-0: Ball 1-0: Called Strike 1-1: Ground out 1-3 (Groundball, 34S, EV 70.0 MPH)
|
|
Batting: RHB Chris James
|
0-0: Fly out, F9 (Flyball, 89M, EV 88.8 MPH)
|
|
Batting: RHB Randy Filkins
|
0-0: Ball 1-0: Ball 2-0: Ground out 4-3 (Groundball, 4, EV 84.4 MPH)
|
| Top of the 8th over - 0 runs, 0 hits, 0 errors, 0 left on base; Memphis 3 - San Antonio 2 |
| BOTTOM OF THE 8TH |
|
San Antonio Missions batting - Pitching for Memphis Blues : RHP Salvador Flores
|
|
Batting: RHB Archie Amerson
|
0-0: Ball 1-0: Ground out 6-3 (Groundball, 56S, EV 77.5 MPH)
|
|
Batting: RHB Ivan Calderon
|
0-0: Ball 1-0: Ground out 5-3 (Groundball, 5L, EV 88.8 MPH)
|
|
Batting: RHB Amos Lewis
|
0-0: Fly out, F8 (Flyball, 8LS, EV 80.0 MPH)
|
| Bottom of the 8th over - 0 runs, 0 hits, 0 errors, 0 left on base; Memphis 3 - San Antonio 2 |
| TOP OF THE 9TH |
|
Memphis Blues batting - Pitching for San Antonio Missions : RHP William Fewox
|
|
Pitching: RHP James Herring
|
|
|
Batting: LHB Don Jacoby
|
0-0: Called Strike 0-1: Swinging Strike 0-2: Ball 1-2: Ball 2-2: Foul Ball, location: 2F 2-2: Foul Ball, location: 2F 2-2: Strikes out swinging
|
|
Batting: RHB Dave Penniall
|
0-0: Foul Ball, location: 2F 0-1: Ball 1-1: Ball 2-1: Called Strike 2-2: Strikes out looking
|
|
Batting: RHB Bradley Shames
|
0-0: Called Strike 0-1: Called Strike 0-2: Ball 1-2: Ground out 3-1 (Groundball, 34, EV 86.3 MPH)
|
| Top of the 9th over - 0 runs, 0 hits, 0 errors, 0 left on base; Memphis 3 - San Antonio 2 |
| BOTTOM OF THE 9TH |
|
San Antonio Missions batting - Pitching for Memphis Blues : RHP Salvador Flores
|
|
Pitching: RHP Anthony Threatt
|
|
|
Batting: RHB Ed Hearn
|
0-0: Called Strike 0-1: Ball 1-1: Ball 2-1: Ball 3-1: Called Strike 3-2: Foul Ball, location: 2F 3-2: Base on Balls
|
|
Pinch Runner at 1st Jose Moreno:
|
|
|
Batting: RHB Larry Hamilton
|
0-0: Ball 1-0: Ball 2-0: Swinging Strike 2-1: Called Strike 2-2: Strikes out swinging
|
|
Batting: LHB Lee Pruitt
|
0-0: Ball 1-0: Swinging Strike 1-1: Ball 2-1: Swinging Strike 2-2: Foul Ball, location: 2F 2-2: Ball 3-2: Strikes out swinging
|
|
Pinch Hitting: RHB Andrew Walker
|
0-0: Ball 1-0: Ball 2-0: Ball 3-0: Called Strike 3-1: Called Strike 3-2: Base on Balls Jose Moreno to second
|
|
Pitching: RHP Mark Huismann
|
|
|
Batting: LHB Jerold Johnston
|
0-0: Ball 1-0: Swinging Strike 1-1: Ball 2-1: Fly out, F7 (Flyball, 7LS, EV 74.4 MPH)
|
| Bottom of the 9th over - 0 runs, 0 hits, 0 errors, 2 left on base; Memphis 3 - San Antonio 2 |
|